 Dungeon Crawl Stone Soup version 0.31-a0-221-gbddc013574 (webtiles) character file.

Game seed: 7058634338470593330

45 Ijustatesigmund the Stinger (level 3, -3/23 HPs)
             Began as an Octopode Venom Mage on July 4, 2023.
             Slain by an orc
             ... wielding a +0 flail
              (9 damage)
             ... on level 2 of the Dungeon.
             The game lasted 00:01:52 (1178 turns).

Ijustatesigmund the Stinger (Octopode Venom Mage)   Turns: 1178, Time: 00:01:52

Health: -3/23      AC:  1    Str:  7    XL:     3   Next: 64%
Magic:  0/6        EV: 13    Int: 25    God:
Gold:   111        SH:  0    Dex: 12    Spells: 4/7 levels left

rFire   . . .        d - +0 hand axe
rCold   . . .        (no shield)
rNeg    . . .        (helmet restricted)
rPois   .            (no amulet)
rElec   .            c - +6 ring of intelligence
rCorr   .            (no ring)
SInv    .            (no ring)
Will    .....        (no ring)
Stlth   +++          (no ring)
HPRegen 0.23/turn    (no ring)
MPRegen 0.10/turn    (no ring)
                     (no ring)

%: no passive effects
@: mighty
A: almost no armour, amphibious, 8 rings, camouflage 1, gelatinous body 1,
(nimble swimmer 1), tentacles
a: no special abilities


You were on level 2 of the Dungeon.
You visited 1 branch of the dungeon, and saw 2 of its levels.

You collected 111 gold pieces.

Inventory:

Hand Weapons
 d - a +0 hand axe (weapon)
Jewellery
 c - a +6 ring of intelligence (left tentacle)
Scrolls
 b - 3 scrolls of identify {unknown}
 e - a scroll of vulnerability {unknown}
 g - a scroll of immolation {unknown}
Potions
 a - a potion of magic
 f - a potion of might
 h - a potion of enlightenment {unknown}


   Skills:
 + Level 1.4 Fighting
 - Level 2.0 Dodging
 - Level 2.6 Stealth
 + Level 2.5 Spellcasting
 - Level 1.0 Transmutations
 + Level 1.1 Air Magic
 + Level 4.2 Poison Magic


You had 4 spell levels left.
You knew the following spells:

 Your Spells              Type           Power      Damage    Failure   Level
a - Sting                 Tmut/Pois      64%        1d6       3%          1
b - Poisonous Vapours     Pois/Air       32%        N/A       5%          2

Your spell library contained the following spells:

 Spells                   Type           Power      Damage    Failure   Level
 Freeze                   Ice            12%        1d3       11%         1
 Mephitic Cloud           Conj/Pois/Air  11%        N/A       16%         3
 Olgreb's Toxic Radiance  Pois           24%        N/A       19%         4
 Frozen Ramparts          Ice            6%         1d1       32%         3
 Hailstorm                Conj/Ice       3%         3d3       32%         3


Dungeon Overview and Level Annotations

Branches:
Dungeon (2/15)

Altars:
Sif Muna


Innate Abilities, Weirdness & Mutations

You cannot wear most types of armour.
You are amphibious.
You can wear up to eight rings at the same time.
Your skin changes colour to match your surroundings (Stealth+).
Your rubbery body absorbs attacks. (AC +1, EV +1)
((You are camouflaged when in or above water. (Stealth+)))
You have tentacles for arms and can constrict up to eight enemies at once.


Message History

The orc wizard hits you with a +0 dagger.
You hit the orc wizard.
The orc wizard is heavily wounded.
You constrict the orc wizard, but do no damage.
The orc wizard hits you with a +0 dagger.
It was a potion of might.
You feel very mighty all of a sudden.
You constrict the orc wizard.
The orc wizard casts a spell.
The orc wizard flickers and vanishes!
Deactivating autopickup; reactivate with Ctrl-A.
You slash something!
Reactivating autopickup.
You feel a bit more experienced.
Your Air Magic skill increases to level 1!
You have reached level 3!
Your experience leads to an increase in your attributes!
Your base attributes are Str 7, Int 17, Dex 12.
Increase (S)trength, (I)ntelligence, or (D)exterity?
You feel clever. x2
You slash the orc!
You kill the orc!
The orc priest looks more healthy.
The rat barely misses you.
You barely miss the rat. You grab the rat. You constrict the rat.
The rat misses you.
You slash the rat!
You kill the rat!
Casting: Poisonous Vapours (safe; 5% risk of failure)
Confirm with . or Enter, or press ? or * to list all spells.
Aiming: Sting (safe; 3% risk of failure)
Press: ? - help, Shift-Dir - straight line, f/p - orc priest
Aim: an orc priest, wielding a +0 mace and wearing a +0 leather armour (moderately wounded, 74% to hit)
The sting hits the orc priest.
The orc priest is poisoned.
The orc priest is severely wounded.
The orc priest hits you with a +0 mace.
* * * LOW HITPOINT WARNING * * *
You slash the orc priest!
You kill the orc priest!
The orc hits you with a +0 flail!
You die...

#. #.# #.# #.# #.#
#.# # ####.######.)#
########.......@o...#
#...........######.##
#.######.....?....o
##..#####.##########
#.........#
#.....###.#
#[._..###.#
..........#
#......####


You could see an orc.

Vanquished Creatures
  An orc priest (D:2)
  An orc wizard (D:2)
  3 dart slugs
  An orc (D:2)
  A giant cockroach (D:1)
  A goblin (D:1)
  3 hobgoblins (D:1)
  3 kobolds (D:1)
  A rat (D:2)
15 creatures vanquished.

Notes
Turn   | Place    | Note
-------+----------+-------------------------------------------
     0 | D:1      | Ijustatesigmund the Octopode Venom Mage began the quest for
                  | the Orb.
     0 | D:1      | Reached XP level 1. HP: 11/11 MP: 3/3
   598 | D:1      | Reached XP level 2. HP: 6/18 MP: 1/5
   650 | D:1      | Learned a level 2 spell: Poisonous Vapours
   867 | D:1      | Reached skill level 1 in Fighting
  1131 | D:2      | Found a shimmering blue altar of Sif Muna.
  1158 | D:2      | Reached skill level 4 in Poison Magic
  1174 | D:2      | Reached skill level 1 in Air Magic
  1174 | D:2      | Reached XP level 3. HP: 10/23 MP: 1/6
  1178 | D:2      | Slain by an orc

Illustrated notes

Levels and vault maps discovered:
D:1:      scummos_arrival_star, layout_loops_corners, st_stairs_6,
          minmay_misc_feat_four_crosses, nicolae_twisty_statue_hallways
D:2:      layout_loops_ring, basic_altar,
          dreamdust_ecumenical_altar_angels_and_demons, minivault_11

Skill      XL: |  1  2 |
---------------+-------+-----
Fighting       | 1 |  1.4
Poison Magic   | 4 |  4.2
Air Magic      | 1 |  1.1
Dodging        | |  2.0
Stealth        | |  2.6
Spellcasting   | |  2.5
Transmutations | |  1.0

Action                     || total
---------------------------++-------
  Melee: Hand axe          ||    19
         Constrict         ||     5
         Tentacles         ||     2
   Cast: Sting             ||     7
         Poisonous Vapours ||     9
    Use: Potion            ||     1
 Armour: Skin              ||     1
  Dodge: Dodged            ||    12

Table legend: (Time is in decaauts)
 A = Elapsed time spent in this place.
 B = Non-inter-level travel time spent in this place.
 C = Inter-level travel time spent in this place.
 D = Time resting spent in this place.
 E = Time spent auto-exploring this place.
 F = Levels seen in this place.
 G = Mean time per level.
                   A        B        C        D        E       F      G
               +--------+--------+--------+--------+--------+-----+--------+
         Total |   1182 |   1151 |     31 |     72 |    962 |   2 |  591.0 |
       Dungeon |   1182 |   1151 |     31 |     72 |    962 |   2 |  591.0 |
               +--------+--------+--------+--------+--------+-----+--------+

Top non-repeatable levels by time:
     D:1: 1131 daAuts
     D:2: 50 daAuts
